 Dungeon Crawl Stone Soup version 0.30.0-3-ga4e48a9924 (webtiles) character file.

Game seed: 14394417546386386530

139 marchhare343 the Sneak (level 5, -1/24 HPs)
             Began as a Spriggan Enchanter on May 7, 2023.
             Killed from afar by a steam dragon (17 damage)
             ... with a ball of steam
             ... on level 3 of the Dungeon.
             The game lasted 00:28:16 (3109 turns).

marchhare343 the Sneak (Spriggan Enchanter)         Turns: 3109, Time: 00:28:16

Health: -1/24      AC:  2    Str:  4    XL:     5   Next: 1%
Magic:  7/11       EV: 18    Int: 18    God:
Gold:   138        SH:  0    Dex: 16    Spells: 3/11 levels left

rFire   . . .        a - +1 dagger
rCold   . . .        (no shield)
rNeg    + . .        b - +0 robe
rPois   .            (helmet restricted)
rElec   .            (no cloak)
rCorr   .            (gloves unavailable)
SInv    +            (boots unavailable)
Will    .....        d - amulet of the acrobat
Stlth   +++          g - ring of positive energy
HPRegen 0.24/turn    (no ring)
MPRegen 0.12/turn

%: acrobat
@: very quick
A: very small, no large weapons, unfitting armour, see invisible, speed 3
a: no special abilities


You were on level 3 of the Dungeon.
You visited 1 branch of the dungeon, and saw 3 of its levels.

You collected 138 gold pieces.

Inventory:

Hand Weapons
 a - a +1 dagger (weapon)
Armour
 b - a +0 robe (worn)
Jewellery
 d - an amulet of the acrobat (around neck)
 g - a ring of positive energy (left hand)
Scrolls
 e - a scroll of identify
 f - 2 scrolls of teleportation
 i - a scroll of fog {unknown}
 j - a scroll of magic mapping
 k - a scroll of blinking {unknown}
Potions
 c - 2 potions of invisibility
 h - a potion of heal wounds


   Skills:
 + Level 2.2 Short Blades
 + Level 3.8 Dodging
 + Level 5.6 Stealth
 + Level 3.7 Spellcasting
 + Level 4.6 Hexes


You had 3 spell levels left.
You knew the following spells:

 Your Spells              Type           Power      Damage    Failure   Level
a - Ensorcelled Hibernat  Hex/Ice        22%        N/A       9%          2
b - Tukima's Dance        Hex            19%        N/A       7%          3
c - Dazzling Flash        Conj/Hex       22%        N/A       19%         3

Your spell library contained the following spells:

 Spells                   Type           Power      Damage    Failure   Level
 Confusing Touch          Hex            19%        N/A       7%          3
 Spider Form              Tmut/Pois      3%         N/A       41%         3
 Anguish                  Hex/Necr       5%         N/A       52%         4


Dungeon Overview and Level Annotations

Branches:
Dungeon (3/15)

Altars:


Innate Abilities, Weirdness & Mutations

You are very small and have problems with some larger weapons.
You are too small for most types of armour.
You have supernaturally acute eyesight. (SInv)
You cover ground extremely quickly. (Speed+++)


Message History

Casting: Ensorcelled Hibernation (safe; 9% risk of failure)
Confirm with . or Enter, or press ? or * to list all spells.
Aiming: Ensorcelled Hibernation (safe; 9% risk of failure)
Press: ? - help, Shift-Dir - straight line, f/p - steam dragon
Aim: a steam dragon (chance to affect: 45%)
The steam dragon resists with some effort.
Casting: Ensorcelled Hibernation (safe; 9% risk of failure)
Confirm with . or Enter, or press ? or * to list all spells.
Aiming: Ensorcelled Hibernation (safe; 9% risk of failure)
Press: ? - help, Shift-Dir - straight line, f/p - steam dragon
Aim: a steam dragon (chance to affect: 45%)
The steam dragon looks drowsy...
The helpless steam dragon fails to defend itself.
You impale the steam dragon!!
The steam dragon is almost dead.
The steam dragon bites you! The steam dragon closely misses you.
You closely miss the steam dragon.
The steam dragon is almost dead.
The steam dragon closely misses you. The steam dragon misses you.
You hit the steam dragon but do no damage.
The steam dragon is almost dead.
You hit the steam dragon.
The steam dragon is almost dead.
The steam dragon barely misses you. The steam dragon completely misses you.
Casting: Ensorcelled Hibernation (safe; 9% risk of failure)
Confirm with . or Enter, or press ? or * to list all spells.
Okay, then.
Unknown command.
Casting: Ensorcelled Hibernation (safe; 9% risk of failure)
Confirm with . or Enter, or press ? or * to list all spells.
The spell is extremely dangerous to miscast (19% risk of failure)!
Continue anyway?
Okay, then.
Unknown command.
Unknown command.
You hit the steam dragon.
The steam dragon is almost dead.
The steam dragon breathes steam at you. The ball of steam hits you!
Ouch! That really hurt!
You die...

#.......# #....# # #.......#
###### #### #.......# ##...
#.......## #..##
##.###...###############..##
♣.♣ #.D....................
###♣♣.♣♣#.#......#######.......
#......D..####D..####>...####.#
#.#♣♣g♣♣#.# #@.......##.# #.#
#.# ♣.♣ #.# #...........####.#
#D###g###.######..##...........
#.........##........<..........
#..............#..###...)..##.#
###......<......#...#.####.....
#..>............##...##>.....#
#..[..........................
#...............#.....#.<....#


You could see a steam dragon (catching breath).

Vanquished Creatures
  3 gnolls (D:2)
  5 adders
  3 worms
  3 dart slugs
  An orc (D:3)
  A bat (D:3)
  6 endoplasms
  A giant cockroach (D:3)
  6 goblins
  6 hobgoblins
  A quokka (D:1)
  3 ball pythons
  4 frilled lizards
  5 kobolds
  5 rats
53 creatures vanquished.

Notes
Turn   | Place    | Note
-------+----------+-------------------------------------------
     0 | D:1      | marchhare343 the Spriggan Enchanter began the quest for the
                  | Orb.
     0 | D:1      | Reached XP level 1. HP: 9/9 MP: 5/5
   293 | D:1      | Reached XP level 2. HP: 13/13 MP: 6/6
   820 | D:2      | Learned a level 2 spell: Ensorcelled Hibernation
   897 | D:1      | Reached skill level 5 in Stealth
   897 | D:1      | Reached XP level 3. HP: 12/16 MP: 0/8
  1024 | D:1      | Learned a level 3 spell: Tukima's Dance
  1409 | D:2      | Reached XP level 4. HP: 21/21 MP: 7/10
  1617 | D:2      | Learned a level 3 spell: Dazzling Flash
  2876 | D:3      | Reached XP level 5. HP: 24/24 MP: 11/11
  2908 | D:3      | Noticed a steam dragon
  3109 | D:3      | Killed from afar by a steam dragon

Illustrated notes

Levels and vault maps discovered:
D:1:      mrwooster_arrival_statue, layout_basic, minmay_pentomino_p2
D:2:      layout_basic
D:3:      layout_rooms, minmay_tree_intersection, kennysheep_path_1,
          grunt_decor_resistance, minmay_misc_feat_encased

Skill      XL: |  1  2  3  4 |
---------------+-------------+-----
Hexes          | 4 |  4.6
Dodging        | 3 |  3.8
Spellcasting   | 3 |  3.7
Stealth        | 5 |  5.6
Short Blades   | 2 |  2.2

Action                     |  1- 3 |  4- 6 || total
---------------------------+-------+-------++-------
  Melee: Dagger            |    73 |   103 ||   176
         Punch             |     1 |       ||     1
   Cast: Ensorcelled Hiber |    10 |    23 ||    33
    Use: Scroll            |     6 |     1 ||     7
   Stab: Sleeping          |    17 |    11 ||    28
 Armour: Robe              |     2 |     4 ||     6
  Dodge: Dodged            |    35 |    88 ||   123
